cohdb
Replays
Latest Replays
All Replays
Popular Replays
Top Player Replays
Match Explorer
How It Works
Community
CoH3 Stats
Reddit
Sign in to upload your games and track your stats! →
Sign in with Steam
Match 47349776
Unlisted
Match 47349776
Overview
Messages
Build Orders
End
Pioneer Squad
Construct Infanterie Kompanie
Selects Terror Battlegroup
Selects Machine Gun Camouflage
Grenadier Squad
Grenadier Squad
MG 42 Machine Gun Team
MG 42 Machine Gun Team
Construct Luftwaffe Kompanie
Flak 30 Anti-aircraft Gun Team
Medical Bunker
Support Elements
Wirbelwind Flakpanzer
Jäger Squad
Jäger Squad
Selects No Quarter
Grenadier Squad
Luftwaffe Officer Quarters
Marder III M Tank Destroyer
Marder III M Tank Destroyer
UMirinBrah?
Abzar
0
0
Comments
sign in to comment!
No comments posted yet!